 Dungeon Crawl Stone Soup version 0.26-a0-61-g6c07f0ee8d (webtiles) character file.

Game seed: 11447912879974639990

431 Bapho the Slasher (level 6, -2/56 HPs)
             Began as a Draconian Berserker on June 9, 2020.
             Was a Priest of Trog.
             Slain by Grinder (10 damage)
             ... while paralysed by Grinder
             ... on level 6 of the Dungeon.
             The game lasted 00:10:49 (4380 turns).

Bapho the Slasher (Draconian Berserker)             Turns: 4380, Time: 00:10:50

Health: -2/56      AC:  6    Str: 18 (19) XL:     6   Next: 67%
Magic:  6/6        EV:  2    Int:  6 (7)  God:    Trog [***...]
Gold:   291        SH:  0    Dex: 11 (13) Spells: 5/5 levels left

rFire    + . .     SeeInvis .   n - -1 hunting sling (curse)
rCold    + . .     Gourm    .   (no shield)
rNeg     . . .     Faith    .   (armour unavailable)
rPois    +         Spirit   .   (helmet restricted)
rElec    +         Reflect  .   (no cloak)
rCorr    +         Harm     .   (no gloves)
MR       .....                  (no boots)
Stlth    +.........             (no amulet)
HPRegen  0.18/turn              u - ring of resist corrosion
MPRegen  0.10/turn              (no ring)

@: paralysed, mighty, resistant, berserk cooldown, hasted and slowed
A: unfitting armour, cold-blooded, AC +6
a: Berserk, Trog's Hand, Renounce Religion


You were on level 6 of the Dungeon.
You worshipped Trog.
Trog was most pleased with you.
You were very hungry.

You visited 1 branch of the dungeon, and saw 5 of its levels.

You collected 291 gold pieces.

Inventory:

Hand Weapons
 a - a +0 falchion
 b - a +0 hunting sling
 n - a cursed -1 hunting sling (weapon)
Missiles
 g - 81 stones
 p - 7 sling bullets (quivered)
 q - 21 arrows
Jewellery
 u - a ring of resist corrosion (left hand)
Wands
 r - a wand of polymorph (11)
Scrolls
 c - a scroll of teleportation
 d - 4 scrolls of blinking
 h - a scroll of magic mapping
 i - a scroll of immolation
 t - a scroll of identify
Potions
 e - a potion of haste
 j - 2 potions of brilliance
 l - 2 potions of might


   Skills:
 + Level 5.0 Fighting
 * Level 5.8 Long Blades
 + Level 4.1 Dodging


You had 5 spell levels left.
You didn't know any spells.
Your spell library was empty.

Dungeon Overview and Level Annotations

Branches:
Dungeon (4/15)             Temple (0/1) D:4

Altars:
Fedhas
Nemelex Xobeh
Okawaru
Zin

Shops:
D:4 [

Annotations:
D:2 Sigmund
D:6 Grinder


Innate Abilities, Weirdness & Mutations

Your plain brown scales are hard. (AC +6)
You cannot fit into any form of body armour.
You are cold-blooded and may be slowed by cold attacks.


Message History

You feel weakened.
You feel dopey.
You feel clumsy.
You feel better.
Grinder blinks!
You feel yourself speed up.
You see here a sling bullet.
Grinder closely misses you.
You clumsily bash Grinder.
Grinder is severely wounded.
Grinder closely misses you.
You barely miss Grinder.
Your tail-slap misses Grinder.
Grinder is severely wounded.
Grinder gestures at you.
You suddenly lose the ability to move!
Grinder gestures at you.
You shrug off the repeated paralysis!
Grinder hits you but does no damage. Grinder hits you.
* * * LOW HITPOINT WARNING * * *
You are feeling very hungry.
Grinder hits you!
You die...

##### #. #...# #. #...# #.
#...#########. #.........##..
#...#####..[.. ##...##........
################..............
...........(.@5....##..######.
......###########.###.## ##
..... #.# #.# # .... ### .
#### ... # ..#... .. ...... .
..#.## ..#. ....##


You could see Grinder.

Vanquished Creatures
  A phantom (D:4)
  2 crimson imps
  A centaur skeleton (D:4)
  A hound (D:3)
  A worker ant (D:4)
  A hound skeleton (D:4)
  6 adders
  2 oozes
  4 worms
  3 dart slugs
  3 leopard geckos
  7 orcs (D:3)
  2 giant cockroaches (D:3)
  12 goblins
  5 hobgoblins
  11 jackals
  5 kobolds
  3 quokkas
  A ball python (D:1)
  9 bats
  7 frilled lizards
  A jackal skeleton (D:4)
  11 rats
99 creatures vanquished.

Notes
Turn   | Place    | Note
-------+----------+-------------------------------------------
     0 | D:1      | Bapho the Draconian Berserker began the quest for the Orb.
     0 | D:1      | Reached XP level 1. HP: 19/19 MP: 1/1
   277 | D:1      | Reached XP level 2. HP: 26/26 MP: 2/2
   842 | D:2      | Reached XP level 3. HP: 31/31 MP: 3/3
  1266 | D:2      | Reached ** piety under Trog
  1650 | D:2      | Reached XP level 4. HP: 35/40 MP: 4/4
  2077 | D:2      | Noticed Sigmund
  2383 | D:3      | Found a blossoming altar of Fedhas.
  2593 | D:3      | Reached XP level 5. HP: 40/46 MP: 5/5
  2830 | D:3      | Found an iron altar of Okawaru.
  2945 | D:3      | Reached *** piety under Trog
  2996 | D:3      | Found a glowing silver altar of Zin.
  3005 | D:3      | Found a sparkling altar of Nemelex Xobeh.
  3329 | D:3      | Reached skill level 5 in Long Blades
  3476 | D:4      | Found Ekhliuhai's Antique Armour Shoppe.
  3766 | D:4      | Noticed a phantom
  3790 | D:4      | Reached XP level 6. HP: 52/53 MP: 6/6
  4112 | D:4      | Found a staircase to the Ecumenical Temple.
  4244 | D:4      | You fall into a shaft and drop 2 floors!
  4246 | D:6      | Reached skill level 5 in Fighting
  4329 | D:6      | Noticed Grinder
  4345 | D:6      | Paralysed by Grinder for 3 turns
  4358 | D:6      | Paralysed by Grinder for 4 turns
  4367 | D:6      | HP: 2/56 [Grinder (3)]
  4367 | D:6      | Paralysed by Grinder for 3 turns
  4377 | D:6      | Paralysed by Grinder for 5 turns
  4380 | D:6      | Slain by Grinder

Illustrated notes

Levels and vault maps discovered:
D:1:      lightli_arrival_quake, layout_basic
D:2:      minmay_alternating_diamond, layout_basic, first_ration, uniq_sigmund
D:3:      layout_rooms, okawaru_trees_1, fedhas_altar_2,
          amethyst_overflow_temple_binary, minmay_cut_off
D:4:      layout_rooms, minmay_temple_entry_poolview, portal_sewer_entry_d,
          serial_shops, nicolae_shop_overgrown_old_shop
D:6:      layout_rooms, serial_curves, eino_curves_02, eino_curves_03,
          uniq_grinder

Skill      XL: |  1  2  3  4  5  6 |
---------------+-------------------+-----
Dodging        | 3 4 |  4.1
Long Blades    | 4 5 |  5.8
Fighting       | 4 5 |  5.0

Action                   |  1- 3 |  4- 6 || total
-------------------------+-------+-------++-------
Melee: Falchion          |    38 |       ||    38
       Tailslap          |     7 |    20 ||    27
       Hunting sling     |       |    90 ||    90
 Fire: Hunting sling     |   100 |   370 ||   470
Throw: Stone             |     4 |       ||     4
Invok: Berserk           |       |     2 ||     2
Evoke: Wand              |       |     6 ||     6
  Use: Scroll            |     5 |     1 ||     6
       Potion            |       |     6 ||     6
  Eat: Chunk             |     2 |    10 ||    12
Armor: Skin              |    24 |   106 ||   130
Dodge: Dodged            |    46 |   231 ||   277
       Rpst.: Falchion   |     4 |       ||     4

Table legend:
 A = Non-vault XP
 B = Vault XP
 C = Vault XP percentage of total XP
 D = Non-vault monster count
 E = Vault monster count
 F = Vault count percentage of total count
                 A         B        C        D         E       F
            +---------+---------+-------+---------+---------+-------
      Total |     575 |      42 |   6.8 |      89 |      10 |  10.1
            +---------+---------+-------+---------+---------+-------
        D:1 |      28 |       0 |   0.0 |      16 |       0 |   0.0
        D:2 |      85 |      20 |  19.0 |      24 |       5 |  17.2
        D:3 |     178 |       8 |   4.3 |      37 |       4 |   9.8
        D:4 |     236 |      14 |   5.6 |      11 |       1 |   8.3
        D:6 |      48 |       0 |   0.0 |       1 |       0 |   0.0
            +---------+---------+-------+---------+---------+-------
